 Dungeon Crawl Stone Soup version 0.23.2-33-g5129a83184 (webtiles) character file.

Game seed: 16182340728038167922

37 MalarOregon the Grave Robber (level 3, 0/21 (29) HPs)
             Began as a Ghoul Necromancer on July 12, 2019.
             Slain by a jackal (3 damage)
             ... on level 1 of the Dungeon.
             The game lasted 00:04:43 (2222 turns).

MalarOregon the Grave Robber (Ghoul Necromancer)    Turns: 2222, Time: 00:04:44

HP:   0/21 (29)     AC:  2    Str: 11    XL:     3   Next: 39%
MP:   0/5           EV: 12    Int: 11    God:
Gold: 27            SH:  0    Dex:  9    Spells: 3/7 levels left

rFire    . . .     SeeInvis .   (no weapon)
rCold    + . .     Gourm    .   (no shield)
rNeg     + + +     Faith    .   a - +0 robe
rPois    ∞         Spirit   .   (no helmet)
rElec    .         Reflect  .   (no cloak)
rCorr    .         Harm     .   (no gloves)
MR       .....                  (no boots)
Stlth    ++........             (no amulet)
HPRegen  0.00/turn              (no ring)
MPRegen  0.09/turn              (no ring)

@: rotting
A: rotting body, claws 1, carnivore, cold resistance 1, negative energy
resistance 3, inhibited regeneration, torment resistance, unbreathing
a: no special abilities


You were on level 1 of the Dungeon.
You were not hungry.

You visited 1 branch of the dungeon, and saw 2 of its levels.

You collected 27 gold pieces.

Inventory:

Armour
 a - a +0 robe (worn)
Scrolls
 f - a scroll of blinking {unknown}
 h - a scroll of identify {unknown}
Potions
 b - a potion of curing {unknown}
 c - a potion of mutation {unknown}
 d - a potion of ambrosia {unknown}
 g - a potion of haste {unknown}
Comestibles
 e - 2 rations {!d}


   Skills:
 + Level 2.1 Fighting
 - Level 1.7 Dodging
 - Level 2.1 Stealth
 + Level 2.5 Spellcasting
 - Level 4.0 Necromancy


You had 3 spell levels left.
You knew the following spells:

 Your Spells              Type           Power        Failure   Level  Hunger
a - Pain                  Necr           ##..         5%          1    ##.....
q - Vampiric Draining     Necr           ##........   16%         3    ####...

Your spell library contained the following spells:

 Spells                   Type           Power        Failure   Level  Hunger
 Animate Skeleton         Necr           N/A          5%          1    ##.....
 Regeneration             Chrm/Necr      #.........   36%         3    ####...
 Animate Dead             Necr           N/A          47%         4    #####..


Dungeon Overview and Level Annotations

Branches:
Dungeon (2/15)

Altars:
Kikubaaqudgha


Innate Abilities, Weirdness & Mutations

Your body is rotting away.
You thrive on raw meat.
You are immune to poison.
You have sharp fingernails.
You are carnivorous and can eat meat at any time.
Your flesh is cold resistant. (rC+)
You are immune to negative energy. (rN+++)
You do not regenerate when monsters are visible.
You are immune to unholy pain and torment.
You can survive without breathing.


Message History

The jackal bites you but does no damage.
The jackal bites you.
* * * LOW HITPOINT WARNING * * *
The jackal bites you.
* * * LOW HITPOINT WARNING * * *
The jackal bites you.
* * * LOW HITPOINT WARNING * * *
The jackal closely misses you.
You climb upwards.
There is a stone staircase leading down here.
Unknown command.
The jackal barely misses you. The jackal barely misses you.
The jackal misses you. The jackal closely misses you. The jackal bites you.
* * * LOW HITPOINT WARNING * * *
The jackal barely misses you.
You see here a +0 club.
The jackal misses you.
You don't have enough magic to cast that spell.
The jackal bites you.
* * * LOW HITPOINT WARNING * * *
The jackal barely misses you. The jackal barely misses you.
You don't have enough magic to cast that spell.
The jackal bites you.
* * * LOW HITPOINT WARNING * * *
Okay, then.
Aim: a jackal You kill the jackal!
You feel life coursing into your body. The jackal barely misses you.
The jackal closely misses you.
The jackal bites you but does no damage.
The jackal closely misses you. The jackal closely misses you.
The jackal bites you but does no damage.
The jackal bites you but does no damage.
Aim: a jackal (chance to defeat MR: 78%)
The jackal barely resists.
The jackal bites you.
* * * LOW HITPOINT WARNING * * *
You miss the jackal. The jackal misses you. The jackal closely misses you.
You scratch the jackal.
The jackal bites you but does no damage.
You barely miss the jackal. The jackal bites you.
* * * LOW HITPOINT WARNING * * *
The jackal closely misses you.
Aim: a jackal (severely wounded, chance to defeat MR: 78%)
The jackal barely resists.
The jackal bites you.
You die...

.# #.#
#.#..#
.###.#
#.#..#
...#.#
#.#..#
...#.#
#.#..#
...#.#
#.#..##
..##.#
#.#...#
.(##)#
#.#..##
..##.#
#.#h.#
..##.#
#.#@.#
..##.#
#.####
.###.#
#.#
.....#
#.#
####.#
#.#
...+.#
#.#
####.#
#.#
##...#
#.#
.'.###
#.#


You could see a jackal.

Vanquished Creatures
  2 ball pythons (D:1)
  2 bats (D:1)
  6 goblins
  5 hobgoblins (D:1)
  2 jackals
  A quokka (D:2)
  5 frilled lizards (D:1)
  4 kobolds (D:1)
  8 rats
  A plant (D:1)
36 creatures vanquished.

Notes
Turn   | Place    | Note
-------+----------+-------------------------------------------
     0 | D:1      | MalarOregon the Ghoul Necromancer began the quest for the
                  | Orb.
     0 | D:1      | Reached XP level 1. HP: 14/14 MP: 2/2
   171 | D:1      | Reached skill level 1 in Fighting
   171 | D:1      | Reached XP level 2. HP: 23/23 MP: 2/4
  1205 | D:1      | Reached XP level 3. HP: 29/29 MP: 2/5
  2044 | D:2      | Found an ancient bone altar of Kikubaaqudgha.
  2069 | D:2      | Learned a level 3 spell: Vampiric Draining
  2222 | D:1      | Slain by a jackal

Skill      XL: |  1  2  3 |
---------------+----------+-----
Spellcasting   | 2 |  2.5
Fighting       | 1 2 |  2.1
Dodging        | |  1.7
Stealth        | |  2.1
Necromancy     | |  4.0

Action                   || total
-------------------------++-------
Melee: Unarmed           ||   179
 Cast: Pain              ||    65
       Vampiric Draining ||     1
  Eat: Chunk             ||     6
       Ration            ||     1
Armor: Robe              ||    15
Dodge: Dodged            ||    52
